 Dungeon Crawl Stone Soup version 0.31-a0-459-gc8a9bf3d51 (webtiles) character file.

Game seed: 10686322625603351608

235 BritishOli the Trooper (level 5, -2/43 HPs)
             Began as a Demonspawn Fighter on Aug 4, 2023.
             Shot with a sling bullet by an orc (3 damage)
             ... on level 4 of the Dungeon.
             The game lasted 00:02:11 (2887 turns).

BritishOli the Trooper (Demonspawn Fighter)         Turns: 2887, Time: 00:02:12

Health: -2/43      AC: 11    Str: 18    XL:     5   Next: 76%
Magic:  5/5        EV:  9    Int: 10    God:
Gold:   151        SH:  5    Dex: 18    Spells: 4/4 levels left

rFire   . . .        a - +0 war axe
rCold   . . .        c - +0 buckler
rNeg    . . .        b - +0 scale mail
rPois   .            (helmet restricted)
rElec   .            (no cloak)
rCorr   .            h - +0 pair of gloves
SInv    .            (no boots)
Will    .....        (no amulet) Stlth
                     p - +6 ring of dexterity
HPRegen 0.27/turn    (no ring)
MPRegen 0.09/turn

%: no passive effects
@: attractive
A: horns 1, yellow scales 2
a: no special abilities


You were on level 4 of the Dungeon.
You visited 1 branch of the dungeon, and saw 4 of its levels.

You collected 151 gold pieces.

Inventory:

Hand Weapons
 a - a +0 war axe (weapon)
Armour
 b - a +0 scale mail (worn)
 c - a +0 buckler (worn)
 h - a +0 pair of gloves (worn)
Jewellery
 p - a +6 ring of dexterity (left hand)
Wands
 q - a wand of paralysis (12)
 r - a wand of iceblast (2)
Scrolls
 e - a scroll of acquirement {unknown}
 f - 3 scrolls of fog {unknown}
 i - 3 scrolls of teleportation {unknown}
 j - a scroll of poison {unknown}
 l - 5 scrolls of identify {unknown}
 m - a scroll of revelation {unknown}
 n - a scroll of blinking {unknown}
 o - a scroll of noise {unknown}
 s - 3 scrolls of enchant armour {unknown}
Potions
 d - 2 potions of might
 g - a potion of attraction
 k - a potion of magic {unknown}
 t - a potion of heal wounds {unknown}


   Skills:
 * Level 4.5 Fighting
 * Level 3.5 Axes
 + Level 3.6 Armour
 - Level 3.0 Shields


You had 4 spell levels left.
You didn't know any spells.
Your spell library contained the following spells:

 Spells                   Type           Power      Damage    Failure   Level
 Apportation              Tloc           0%         N/A       83%         1
 Freeze                   Ice            0%         1d3       83%         1
 Slow                     Hex            0%         N/A       83%         1
 Ensorcelled Hibernation  Hex/Ice        0%         N/A       92%         2
 Passwall                 Tmut/Erth      0%         N/A       92%         2
 Confusing Touch          Hex            0%         N/A       99%         3
 Frozen Ramparts          Ice            0%         1d1       99%         3
 Hailstorm                Conj/Ice       0%         3d3       99%         3
 Ozocubu's Armour         Ice            0%         N/A       99%         3
 Stone Arrow              Conj/Erth      0%         3d7       99%         3
 Swiftness                Air            0%         N/A       99%         3
 Vampiric Draining        Necr           0%         2d6       99%         3
 Animate Armour           Summ/Erth      0%         N/A       100%        4
 Alistair's Intoxication  Tmut/Pois      0%         N/A       100%        5
 Ozocubu's Refrigeration  Ice            0%         4d7       100%        7
 Lehudib's Crystal Spear  Conj/Erth      0%         10d2      100%        8


Dungeon Overview and Level Annotations

Branches:
Dungeon (4/15)
 Temple: D:4-7

Altars:

Shops:
D:1 !   D:3 [([


Innate Abilities, Weirdness & Mutations

You have a pair of small horns on your head.
You are mostly covered in yellow scales. (AC +3)


Message History

The sling bullet barely misses the orc.
There are monsters nearby!
You hit the orc priest.
The orc priest is severely wounded.
You hit the orc. The orc closely misses you.
The orc priest hits you with a +0 flail!
The orc shoots a sling bullet.
The sling bullet hits you but does no damage.
You block the orc's attack.
The orc priest mumbles some strange prayers to Beogh against you.
You barely resist.
You hit the orc priest but do no damage.
You headbutt the orc priest, but do no damage.
The orc priest is severely wounded.
You closely miss the orc.
The orc shoots a sling bullet.
The sling bullet hits you but does no damage.
You block the orc's attack.
The orc priest calls down the wrath of Beogh upon you.
Beogh smites you!
The orc shoots a sling bullet.
The sling bullet hits you but does no damage.
You are too injured to fight recklessly!
You are too injured to fight recklessly!
You are too injured to fight recklessly!
You are too injured to fight recklessly!
You are too injured to fight recklessly!
You barely miss the orc priest.
The orc priest is severely wounded.
You hit the orc.
You kill the orc!
The orc priest mumbles some strange prayers to Beogh against you.
Beogh smites you!
* * * LOW HITPOINT WARNING * * *
The orc shoots a sling bullet.
The sling bullet hits you but does no damage.
It was a potion of attraction.
You feel attractive to monsters.
A goblin comes into view. It is wielding a +2 dagger of venom.
The orc priest completely misses you.
The orc shoots a sling bullet.
The sling bullet hits you.
You die...

##.. .g .... .#
..... .# ... #.# #.
#.# ... #.# #.##.###
#.##.### #......#
#.)o...#####.#.#.###
#@................
#..........#.#.# #
#.......#......###
#..†....##........
#.......#...######
#.o.........# #
#........#..# #
####.###.#..# #
####.<...#..######


You could see an orc priest, an orc and a goblin.

Vanquished Creatures
  A hound (D:4)
  Jessica (D:3)
  Ijyb (D:3)
  6 adders
  A white imp (D:4)
  A worm (D:3)
  3 dart slugs (D:1)
  6 orcs (D:4)
  8 bats
  7 endoplasms
  A giant cockroach (D:4)
  8 goblins
  8 hobgoblins
  3 jackals (D:3)
  2 quokkas
  3 ball pythons
  4 frilled lizards
  11 kobolds
  8 rats
83 creatures vanquished.

Notes
Turn   | Place    | Note
-------+----------+-------------------------------------------
     0 | D:1      | BritishOli the Demonspawn Fighter began the quest for the
                  | Orb.
     0 | D:1      | Reached XP level 1. HP: 18/18 MP: 1/1
   145 | D:1      | Gained mutation: You are partially covered in yellow
                  | scales. (AC +2) [demonic ancestry]
   145 | D:1      | Reached XP level 2. HP: 24/24 MP: 2/2
   604 | D:1      | Found Xobusupp's Distillery.
   641 | D:1      | Gained mutation: You are mostly covered in yellow scales.
                  | (AC +3) [demonic ancestry]
   641 | D:1      | Reached XP level 3. HP: 29/29 MP: 3/3
  1861 | D:3      | Gained mutation: You have a pair of small horns on your
                  | head. [demonic ancestry]
  1861 | D:3      | Reached XP level 4. HP: 20/37 MP: 4/4
  2010 | D:3      | Noticed Jessica
  2015 | D:3      | Killed Jessica
  2107 | D:3      | Noticed Ijyb
  2117 | D:3      | Killed Ijyb
  2118 | D:3      | Reached skill level 4 in Fighting
  2227 | D:3      | Found Refonim's Antique Armour Shoppe.
  2271 | D:3      | Reached XP level 5. HP: 42/42 MP: 5/5
  2372 | D:3      | Found Hemela's Weapon Shop.
  2435 | D:3      | Found Gujauwoo's Antique Armour Boutique.
  2886 | D:4      | HP: 1/43 [orc priest/divine providence (13)]
  2887 | D:4      | Shot with a sling bullet by an orc

Illustrated notes

Levels and vault maps discovered:
D:1:      lightli_arrival_isolated_outpost, layout_basic, serial_shops, shop
D:2:      layout_basic, chequers_serial_rivers_micro_b, lightli_corner_chamber
D:3:      layout_basic, serial_shops, shop, shop, shop, uniq_jessica, uniq_ijyb
D:4:      layout_loops_ring, uniq_edmund

Skill      XL: |  1  2  3  4 |
---------------+-------------+-----
Axes           | 2 3 |  3.5
Shields        | 3 |  3.0
Armour         | 3 |  3.6
Fighting       | 4 |  4.5

Action                     |  1- 3 |  4- 6 || total
---------------------------+-------+-------++-------
  Melee: War axe           |   154 |    75 ||   229
         Headbutt          |       |    19 ||    19
    Use: Potion            |       |     1 ||     1
 Armour: Scale mail        |    74 |    36 ||   110
  Dodge: Dodged            |    82 |    27 ||   109
  Block: Buckler           |    36 |    21 ||    57

Table legend: (Time is in decaauts)
 A = Elapsed time spent in this place.
 B = Non-inter-level travel time spent in this place.
 C = Inter-level travel time spent in this place.
 D = Time resting spent in this place.
 E = Time spent auto-exploring this place.
 F = Levels seen in this place.
 G = Mean time per level.
                   A        B        C        D        E       F      G
               +--------+--------+--------+--------+--------+-----+--------+
         Total |   2985 |   2858 |    127 |      0 |   2290 |   4 |  746.2 |
       Dungeon |   2985 |   2858 |    127 |      0 |   2290 |   4 |  746.2 |
               +--------+--------+--------+--------+--------+-----+--------+

Top non-repeatable levels by time:
     D:1: 1027 daAuts
     D:2: 889 daAuts
     D:3: 789 daAuts
     D:4: 279 daAuts
